 Dungeon Crawl Stone Soup version 0.28.0-43-g3370ac3207 (webtiles) character file.

Game seed: 5466748239880776996

124 Kaiern the Magician (level 5, 0/38 HPs)
             Began as a Djinni Fire Elementalist on Mar 18, 2022.
             Slain by a hound (2 damage)
             ... on level 4 of the Dungeon.
             The game lasted 00:10:31 (3486 turns).

Kaiern the Magician (Djinni Fire Elementalist)      Turns: 3486, Time: 00:10:32

Health: 0/38       AC:  3    Str:  7    XL:     5   Next: 30%
Gold:   146        EV: 12    Int: 18    God:
                   SH:  0    Dex: 14

rFire   + + .      SeeInvis .   i - +0 whip (flame)
rCold   x . .      Faith    .   (no shield)
rNeg    + . .      Spirit   .   a - +0 robe
rPois   ∞          Reflect  .   j - +0 helmet
rElec   .          Harm     .   (no cloak)
rCorr   .          Rampage  .   (no gloves)
Will    +....                   (boots unavailable)
Stlth   ++........              (no amulet)
HPRegen 0.12/turn               c - ring of positive energy
MPRegen 0.00/turn               h - ring of willpower

@: flying, very slightly contaminated
A: sickness immunity, fire resistance 2, cold vulnerability 1, float, innate
caster, HP casting, extra vitality 1
a: no special abilities


You were on level 4 of the Dungeon.
You visited 1 branch of the dungeon, and saw 4 of its levels.

You collected 146 gold pieces.

Inventory:

Hand Weapons
 b - a +0 dagger
 i - a +0 whip of flaming (weapon)
Missiles
 e - 2 javelins
Armour
 a - a +0 robe (worn)
 j - a +0 helmet (worn)
Jewellery
 c - a ring of positive energy (left hand)
 h - a ring of willpower (right hand)
Scrolls
 d - 3 scrolls of identify {unknown}
 f - 2 scrolls of teleportation {unknown}
 k - 2 scrolls of vulnerability {unknown}
 l - a scroll of blinking {unknown}
 n - a scroll of amnesia {unknown}
Potions
 g - 2 potions of curing {unknown}
 m - a potion of might {unknown}


   Skills:
 + Level 2.2 Fighting
 + Level 1.2 Armour
 - Level 2.1 Dodging
 + Level 2.8 Stealth
 + Level 3.1 Spellcasting


You couldn't memorise any spells.
You knew the following spells:

 Your Spells              Type           Power      Damage    Failure   Level
a - Foxfire               Conj/Fire      56%        2x1d6     4%          1
b - Scorch                Fire           28%        2d6       7%          2
c - Conjure Flame         Conj/Fire      14%        6-21      14%         3
d - Inner Flame           Hex/Fire       14%        N/A       14%         3
e - Flame Wave            Conj/Fire      14%        2d6       41%         4
f - Shock                 Conj/Air       56%        1d6       4%          1
g - Poisonous Vapours     Pois/Air       28%        N/A       7%          2
Your spell library was empty.

Dungeon Overview and Level Annotations

Branches:
Dungeon (4/15)
 Temple: D:4-7

Altars:
Dithmenos
Fedhas
Trog
Yredelemnul


Innate Abilities, Weirdness & Mutations

You are immune to sickness and miasma.
You are immune to poison.
Your flesh is very heat resistant. (rF++)
You are vulnerable to cold. (rC-)
You float through the air rather than walking.
You learn spells naturally, not from books.
Your magical power is your life essence.
You have superior vitality. (+4 MHP)


Message History

The adder is severely wounded.
Casting: Foxfire (safe; 4% risk of failure)
Confirm with . or Enter, or press ? or * to list all spells.
You conjure some foxfire!
The orc priest mumbles some strange prayers to Beogh against you.
Beogh smites you!
You hear a shout!
The foxfire hits the adder but does no damage.
The adder is severely wounded.
The foxfire hits the adder.
You kill the adder!
The howler monkey hoots and howls with incredible vigour!
The orc priest looks encouraged for a moment.
The hound stops to sniff the ground.
You hear a shout!
Casting: Foxfire (safe; 4% risk of failure)
Confirm with . or Enter, or press ? or * to list all spells.
Flames lash the orc.
You kill the orc!
You hear an angry hiss.
Casting: Scorch (safe; 7% risk of failure)
Confirm with . or Enter, or press ? or * to list all spells.
You miscast Foxfire.
You are very lightly contaminated with residual magic.
Nothing appears to happen.
The howler monkey hoots and howls with incredible vigour!
You hear an angry hiss.
You hear a shout!
Casting: Foxfire (safe; 4% risk of failure)
Confirm with . or Enter, or press ? or * to list all spells.
You conjure some foxfire!
You hear the slow hiss of an avalanche of sand nearby.
The orc priest invokes the aid of Beogh against you.
Beogh smites you!
* * * LOW HITPOINT WARNING * * *
The foxfire hits the hound.
The hound is lightly wounded.
The foxfire hits the hound.
The hound is moderately wounded.
The hound bites you.
You die...

.......<.........##
... #........o...##.##
.#.# ##.[.......S....#
.#.# ##......S..o..###
.# . ............h.##
.# .
...............#####..
..
.............#†#.....#
.............).§§##
.........###..h@..#
.....#.........§...#
....###.######.#.<...#
.... ... #...#..[..
... .... ###......#
.... ####..# >... ###


You could see a howler monkey (catching breath), a hound, 2 orc priests and 2
adders.

Vanquished Creatures
  3 gnolls (D:3)
  3 adders
  A worm (D:3)
  A dart slug (D:1)
  2 orcs
  6 ball pythons
  5 endoplasms
  2 goblins (D:1)
  5 hobgoblins
  12 jackals
  7 kobolds
  2 quokkas
  2 bats (D:3)
  2 frilled lizards (D:1)
  3 rats
56 creatures vanquished.

Vanquished Creatures (others)
  80 foxfires
  5 toadstools (D:1)
85 creatures vanquished.

Grand Total: 141 creatures vanquished

Notes
Turn   | Place    | Note
-------+----------+-------------------------------------------
     0 | D:1      | Kaiern the Djinni Fire Elementalist began the quest for the
                  | Orb.
     0 | D:1      | Reached XP level 1. HP: 15/15 MP: 0/0
   199 | D:1      | Reached XP level 2. HP: 17/22 MP: 0/0
   391 | D:1      | Reached skill level 1 in Fighting
   540 | D:1      | Found a faded altar of an unknown god.
   593 | D:1      | Reached XP level 3. HP: 24/27 MP: 0/0
   593 | D:1      | Learned a level 1 spell: Shock
  1691 | D:2      | Reached XP level 4. HP: 28/32 MP: 0/0
  2833 | D:3      | Found a shadowy altar of Dithmenos.
  2847 | D:3      | Reached skill level 3 in Spellcasting
  2855 | D:3      | Reached skill level 1 in Armour
  2858 | D:3      | Reached XP level 5. HP: 19/38 MP: 0/0
  2858 | D:3      | Learned a level 2 spell: Poisonous Vapours
  3415 | D:4      | Found a blossoming altar of Fedhas.
  3415 | D:4      | Found a bloodstained altar of Trog.
  3415 | D:4      | Found a basalt altar of Yredelemnul.
  3485 | D:4      | HP: 1/38 [orc priest/divine providence (17)]
  3486 | D:4      | Slain by a hound

Illustrated notes

Levels and vault maps discovered:
D:1:      ldierk_walled_garden, layout_basic, dreamdust_ecumenical_altar_statues
D:2:      layout_basic
D:3:      layout_basic, overflow_temple_1_default, minmay_misc_feat_alley
D:4:      layout_rooms, chequers_temple_overflow_statue_of_worship,
          minmay_temple_entry_large_hall, enter_ossuary_2,
          hellmonk_ghost_happy_afterlife, wad_rectangle_vault, uniq_menkaure

Skill      XL: |  1  2  3  4 |
---------------+-------------+-----
Stealth        | 2 |  2.8
Fighting       | 1 2 |  2.2
Spellcasting   | 3 |  3.1
Armour         | 1 |  1.2
Dodging        | |  2.1

Action                   |  1- 3 |  4- 6 || total
-------------------------+-------+-------++-------
 Cast: Foxfire           |    31 |    17 ||    48
       Scorch            |    15 |    28 ||    43
Armor: Robe              |       |     3 ||     3
Dodge: Dodged            |     3 |    13 ||    16
